 Seeded DCSS version 0.31-a0-1570-g93c622d222 (webtiles) character file.

Game seed: 14095063014967992552 (custom seed)

2037 innerfire43 the Cudgeller (level 9, -5/69 HPs)
             Began as a Demonspawn Wanderer on Jan 3, 2024.
             Was an Elder of Uskayaw.
             Killed by divine providence
             ... invoked by Jeremiah
              (11 damage)
             ... on level 7 of the Dungeon.
             The game lasted 00:11:42 (6066 turns).

innerfire43 the Cudgeller (Demonspawn Wanderer)     Turns: 6066, Time: 00:11:42

Health: -5/69      AC: 14    Str: 19    XL:     9   Next: 4%
Magic:  9/9        EV: 16    Int: 11    God:    Uskayaw [****..]
Gold:   204        SH: 10    Dex: 14    Spells: 8/8 levels left

rFire   . . .        l - +4 flail (venom)
rCold   . . .        y - +2 kite shield of Fosal {Dex+2 Stlth+}
rNeg    . . .        c - +0 ring mail
rPois   .            (helmet restricted)
rElec   .            (no cloak)
rCorr   .            (no gloves)
SInv    .            e - +1 pair of boots
Will    .....        i - amulet of the acrobat
Stlth   ++           p - +5 ring of evasion
HPRegen 0.31/turn    (no ring)
MPRegen 0.11/turn

%: acrobat
@: sanguine armoured
A: horns 1, powered by pain 2, spiny 1, sanguine armour 1
a: Renounce Religion, Stomp, Line Pass


You were on level 7 of the Dungeon.
You worshipped Uskayaw.
Uskayaw was noncommittal.
You visited 1 branch of the dungeon, and saw 7 of its levels.

You collected 451 gold pieces.
You spent 247 gold pieces at shops.

Inventory:

Hand Weapons
 l - a +4 flail of venom (weapon)
Missiles
 t - a throwing net
Armour
 c - a +0 ring mail (worn)
 e - a +1 pair of boots (worn)
 f - a +0 helmet
 y - the +2 kite shield of Fosal (worn) {Dex+2 Stlth+}
   (You bought it in a shop on level 1 of the Dungeon)

   Dex+2:     It affects your dexterity (+2).
   Stlth+:    It makes you more stealthy.
Jewellery
 i - an amulet of the acrobat (around neck)
 p - a +5 ring of evasion (left hand)
 q - a ring of resist corrosion
Wands
 a - a wand of flame (8)
 u - a wand of polymorph (14)
 z - a wand of iceblast (10)
Scrolls
 b - a scroll of blinking {unknown}
 d - a scroll of fear
 g - a scroll of vulnerability {unknown}
 h - 6 scrolls of identify {unknown}
 k - a scroll of brand weapon {unknown}
 m - a scroll of noise {unknown}
 s - a scroll of immolation {unknown}
 w - a scroll of poison
 x - 3 scrolls of teleportation
Potions
 n - 2 potions of curing
 o - 2 potions of brilliance {unknown}
 r - a potion of might {unknown}
 v - a potion of haste {unknown}


   Skills:
 + Level 5.7 Fighting
 - Level 1.0 Short Blades
 + Level 7.1 Maces & Flails
 - Level 5.0 Armour
 + Level 4.8 Dodging
 - Level 1.0 Stealth
 * Level 1.2 Shields


You had 8 spell levels left.
You didn't know any spells.
Your spell library contained the following spells:

 Spells                   Type           Power      Damage    Failure   Level
 Apportation              Tloc           0%         N/A       86%         1
 Necrotise                Necr           0%         1d4       86%         1
 Sting                    Conj/Alch      0%         1d3       86%         1
 Summon Small Mammal      Summ           0%         N/A       86%         1
 Jinxbite                 Hex            0%         N/A       94%         2
 Lesser Beckoning         Tloc           0%         N/A       94%         2
 Gell's Gravitas          Tloc           0%         N/A       99%         3
 Teleport Other           Tloc           0%         N/A       99%         3
 Alistair's Intoxication  Alch           0%         N/A       100%        5


Dungeon Overview and Level Annotations

Branches:
Dungeon (7/15)             Temple (0/1) D:5

Altars:
Cheibriados
Hepliaklqana
Makhleb
Uskayaw
Xom
Yredelemnul

Shops:
D:1 [

Annotations:
D:7 Jeremiah


Innate Abilities, Weirdness & Mutations

You have a pair of small horns on your head.
You sometimes gain power by taking damage.
You are partially covered in sharp spines.
When seriously injured, your blood forms armour. (AC +6)


Message History

The water moccasin is almost dead.
Jeremiah is no longer sharing their pain.
The butterfly disappears in a burst of colours!
You block the water moccasin's attack.
You barely miss the water moccasin.
The water moccasin is almost dead.
The butterfly is no longer sharing its pain.
The water moccasin is no longer sharing its pain.
The butterfly is no longer sharing its pain.
You block the water moccasin's attack. x2
You miss the water moccasin.
The water moccasin is almost dead.
The butterfly disappears in a burst of colours!
The butterfly is no longer sharing its pain. x2
You block the water moccasin's attack.
The water moccasin bites you but does no damage.
Jeremiah throws their arms up pleadingly.
Something smites you!
* * * LOW HITPOINT WARNING * * *
You thump the water moccasin!
You kill the water moccasin!
The butterfly disappears in a burst of colours! x2
Jeremiah cries, "Fearful master, protect me!"
Something smites you!
* * * LOW HITPOINT WARNING * * *
Uskayaw will force your foes to share their pain.
Your Shields skill increases to level 1!
You have reached level 9!
Your experience leads to an increase in your attributes!
Your base attributes are Str 17, Int 11, Dex 12.
Increase (S)trength, (I)ntelligence, or (D)exterity?
You feel stronger. x2; Your demonic ancestry asserts itself...
Sharp spines emerge from parts of your body.
The butterfly disappears in a burst of colours!
Jeremiah hops!
It was a potion of curing.
You feel better.
Jeremiah mumbles a slurred invocation.
Something smites you!
You die...
Jeremiah says, "O terrible one, your will is done."

#########+#
+..bbbb..>##
....
#bb...b.....
....
#b#######.##
..... #.# .....
#.# ......#@# #
......#F### .#
#....bb..##.##.#
#...............
#...........##+
#........##.....
#........# ....
#.....[..# ...
########.#


You could see Jeremiah.

Vanquished Creatures
  A water moccasin (D:7)
  2 orc warriors (D:6)
  A black bear (D:6)
  A sky beast (D:5)
  An ogre (D:3)
  2 centaurs (D:6)
  2 phantoms
  Blork the orc (D:6)
  3 scorpions
  2 hounds
  5 jellies
  6 orc priests
  A gnoll bouda (D:5)
  Terence (D:3)
  2 iguanas (D:6)
  4 orc wizards
  11 gnolls
  8 adders
  A shadow imp (D:5)
  A white imp (D:7)
  2 ufetubi (D:6)
  3 dart slugs
  A ribbon worm (D:3)
  14 orcs
  11 endoplasms
  7 giant cockroaches
  6 goblins
  6 hobgoblins
  6 jackals (D:1)
  A quokka (D:3)
  6 ball pythons
  7 bats
  6 frilled lizards
  12 kobolds
  5 rats
149 creatures vanquished.

Notes
Turn   | Place    | Note
-------+----------+-------------------------------------------
     0 | D:1      | innerfire43 the Demonspawn Wanderer began the quest for the
                  | Orb.
     0 | D:1      | innerfire43 set off with the following items: a +0 flail, a
                  | +0 short sword, a +0 ring mail, a scroll of fear.
     0 | D:1      | Reached XP level 1. HP: 16/16 MP: 1/1
     0 | D:1      | Noticed a black draconian
     0 | D:1      | Noticed an ice dragon
     1 | D:1      | Noticed a tentacled monstrosity
     7 | D:1      | Noticed an iron dragon
     8 | D:1      | Noticed a shadow dragon
     9 | D:1      | Noticed a green draconian
    11 | D:1      | Noticed a red draconian
    13 | D:1      | Noticed a tentacled monstrosity
    13 | D:1      | Noticed a large abomination
    15 | D:1      | Noticed a shadow dragon
    17 | D:1      | Noticed a tentacled monstrosity
    17 | D:1      | Noticed a shadow dragon
    17 | D:1      | Noticed a green draconian
    19 | D:1      | Noticed a golden dragon
    19 | D:1      | Noticed a shadow dragon
    21 | D:1      | Noticed an orb of fire
   148 | D:1      | Gained mutation: You have a pair of small horns on your
                  | head. [demonic ancestry]
   148 | D:1      | Reached XP level 2. HP: 22/22 MP: 2/2
   429 | D:1      | Reached skill level 3 in Maces & Flails
   447 | D:1      | Found Edebbuoll's Antique Armour Emporium.
   503 | D:1      | Gained mutation: You sometimes gain a little power by
                  | taking damage. [demonic ancestry]
   503 | D:1      | Reached XP level 3. HP: 15/28 MP: 3/3
  1518 | D:2      | Reached XP level 4. HP: 20/34 MP: 4/4
  1916 | D:3      | Noticed Terence
  1925 | D:3      | Killed Terence
  2023 | D:3      | Noticed an ogre
  2027 | D:3      | Killed an ogre
  2028 | D:3      | Reached XP level 5. HP: 41/41 MP: 5/5
  2146 | D:3      | Reached skill level 4 in Maces & Flails
  2741 | D:4      | Gained mutation: You sometimes gain power by taking damage.
                  | [demonic ancestry]
  2741 | D:4      | Reached XP level 6. HP: 24/47 MP: 6/6
  2913 | D:4      | Found a hazy altar of Hepliaklqana.
  2913 | D:4      | Found a shimmering altar of Xom.
  2913 | D:4      | Found a burning altar of Makhleb.
  2913 | D:4      | Found a snail-covered altar of Cheibriados.
  2913 | D:4      | Found a basalt altar of Yredelemnul.
  2913 | D:4      | Found a hide-covered altar of Uskayaw.
  2949 | D:4      | Became a worshipper of Uskayaw the Reveller
  3126 | D:4      | Found a basalt altar of Yredelemnul.
  3239 | D:5      | Entered Level 5 of the Dungeon
  3293 | D:5      | Noticed a sky beast
  3297 | D:5      | Reached * piety under Uskayaw
  3299 | D:5      | Killed a sky beast
  3299 | D:5      | Reached ** piety under Uskayaw
  3363 | D:5      | Gained mutation: When seriously injured, your blood forms
                  | armour. (AC +6) [demonic ancestry]
  3363 | D:5      | Reached XP level 7. HP: 43/54 MP: 7/7
  3526 | D:5      | Found a staircase to the Ecumenical Temple.
  3543 | D:5      | Reached *** piety under Uskayaw
  3813 | D:5      | Reached skill level 5 in Maces & Flails
  3910 | D:5      | Reached **** piety under Uskayaw
  4807 | D:6      | Reached XP level 8. HP: 36/61 MP: 8/8
  4976 | D:6      | Reached skill level 6 in Maces & Flails
  5006 | D:6      | Reached skill level 5 in Fighting
  5215 | D:6      | Noticed Blork the orc
  5227 | D:6      | Killed Blork the orc
  5697 | D:6      | Reached skill level 7 in Maces & Flails
  5697 | D:6      | Reached skill level 5 in Armour
  5913 | D:1      | Bought a heavily runed kite shield for 247 gold pieces
  5913 | D:1      | Identified the +2 kite shield of Fosal {Dex+2 Stlth+} (You
                  | bought it in a shop on level 1 of the Dungeon)
  6030 | D:7      | Noticed Jeremiah
  6052 | D:7      | HP: 2/64 [Jeremiah/divine providence (13)]
  6064 | D:7      | HP: 1/64 [Jeremiah/divine providence (14)]
  6065 | D:7      | Reached skill level 1 in Shields
  6065 | D:7      | Gained mutation: You are partially covered in sharp spines.
                  | [demonic ancestry]
  6065 | D:7      | Reached XP level 9. HP: 1/69 MP: 9/9
  6066 | D:7      | Killed from afar by Jeremiah

Illustrated notes

Levels and vault maps discovered:
D:1:      shiori_arrival_whats_in_store_for_you, layout_basic, serial_shops,
          shop, minmay_crystal_room, chequers_arboretum,
          amcnicky_mini_corridor_feature, nicolae_the_louvre
D:2:      layout_loops_ring
D:3:      layout_loops_cross, minivault_19, uniq_terence
D:4:      cheibrodos_fertilizer, layout_cave_pools, general_overflow_altar
D:5:      layout_layer_cave, minmay_temple_entry_junction
D:6:      layout_basic, uniq_blork_the_orc
D:7:      layout_basic, lemuel_tele_altar, uniq_jeremiah

Skill      XL: |  1  2  3  4  5  6  7  8 |
---------------+-------------------------+-----
Armour         | 2 3 4 5 |  5.0
Maces & Flails | 3 4 5 7 |  7.1
Fighting       | 3 4 5 |  5.7
Dodging        | 2 3 4 |  4.8
Shields        | 1 |  1.2
Short Blades   | |  1.0
Stealth        | |  1.0

Action                     |  1- 3 |  4- 6 |  7- 9 || total
---------------------------+-------+-------+-------++-------
  Melee: Flail             |   157 |   145 |   197 ||   499
         Headbutt          |    14 |    29 |    38 ||    81
         Punch             |       |     3 |     1 ||     4
    Use: Scroll            |       |     2 |     6 ||     8
         Potion            |       |     1 |     3 ||     4
   Stab: Paralysed         |       |       |     7 ||     7
 Armour: Ring mail         |   142 |    82 |   136 ||   360
  Dodge: Dodged            |   136 |   116 |   220 ||   472
  Block: Kite shield       |       |       |    17 ||    17

Table legend: (Time is in decaauts)
 A = Elapsed time spent in this place.
 B = Non-inter-level travel time spent in this place.
 C = Inter-level travel time spent in this place.
 D = Time resting spent in this place.
 E = Time spent auto-exploring this place.
 F = Levels seen in this place.
 G = Mean time per level.
                   A        B        C        D        E       F      G
               +--------+--------+--------+--------+--------+-----+--------+
         Total |   6163 |   5973 |    190 |      0 |   4616 |   7 |  880.4 |
       Dungeon |   6163 |   5973 |    190 |      0 |   4616 |   7 |  880.4 |
               +--------+--------+--------+--------+--------+-----+--------+

Top non-repeatable levels by time:
     D:5: 1575 daAuts
     D:6: 1101 daAuts
     D:1: 1025 daAuts
     D:3: 862 daAuts
     D:2: 790 daAuts
     D:4: 729 daAuts
     D:7: 78 daAuts
